Workbook

Sheet Mayor Bco Macro - V0
A1: COD_CTA | B1: DESC_CTA | C1: FECHA_ASI | D1: N_ASIENTO | E1: CONCEPTO | F1: DEBE | G1: HABER | H1: SALDO
A2: 1114909 | B2: BCO MACRO-CC32000 | C2: 45292 | D2: 1 | E2: ASIENTO APERTURA EJ 2024 | F2: 3418.81 | G2: 0 | H2: 3418.81
A3: 1114909 | B3: BCO MACRO-CC32000 | C3: 45293 | D3: 69259 | E3: 535701777*DEP GTIA - SUC : 20 | F3: 149 | G3: 0 | H3: 3567.81
A4: 1114909 | B4: BCO MACRO-CC32000 | C4: 45293 | D4: 69260 | E4: 537528570*DEP GTIA - SUC : 20 | F4: 300 | G4: 0 | H4: 3867.81
A5: 1114909 | B5: BCO MACRO-CC32000 | C5: 45293 | D5: 69261 | E5: 537508742*DEP GTIA - SUC : 10 | F5: 77.95 | G5: 0 | H5: 3945.76
A6: 1114909 | B6: BCO MACRO-CC32000 | C6: 45294 | D6: 69661 | E6: 545778848*DEP GTIA - SUC : 20 | F6: 66 | G6: 0 | H6: 4011.76
A7: 1114909 | B7: BCO MACRO-CC32000 | C7: 45294 | D7: 69662 | E7: 544735514*DEP GTIA - SUC : 10 | F7: 41.25 | G7: 0 | H7: 4053.01
A8: 1114909 | B8: BCO MACRO-CC32000 | C8: 45295 | D8: 70110 | E8: 553145540*DEP GTIA - SUC : 20 | F8: 50 | G8: 0 | H8: 4103.01
A9: 1114909 | B9: BCO MACRO-CC32000 | C9: 45295 | D9: 70111 | E9: 554450789*DEP GTIA - SUC : 10 | F9: 51 | G9: 0 | H9: 4154.01
A10: 1114909 | B10: BCO MACRO-CC32000 | C10: 45296 | D10: 70461 | E10: 565347544*DEP GTIA - SUC : 20 | F10: 80 | G10: 0 | H10: 4234.01
A11: 1114909 | B11: BCO MACRO-CC32000 | C11: 45296 | D11: 70462 | E11: 564861639*DEP GTIA - SUC : 10 | F11: 31.38 | G11: 0 | H11: 4265.39
A12: 1114909 | B12: BCO MACRO-CC32000 | C12: 45297 | D12: 70868 | E12: 574881645*DEP GTIA - SUC : 20 | F12: 95 | G12: 0 | H12: 4360.39
A13: 1114909 | B13: BCO MACRO-CC32000 | C13: 45297 | D13: 70869 | E13: 576825239*DEP GTIA - SUC : 10 | F13: 56.6 | G13: 0 | H13: 4416.99
... A42: 1114909 | B42: BCO MACRO-CC32000 | C42: 45322 | D42: 79046 | E42: 740460595*DEP GTIA - SUC : 10 | F42: 31.06 | G42: 0 | H42: -13851.83

Sheet Mayor Bco Macro - V1
B1: FECHA_ASI | C1: CONCEPTO | D1: DEBE | E1: HABER | F1: SALDO | G1: BUSCARV | H1: DIFERENCIA
B2: 45292 | C2: ASIENTO APERTURA EJ 2024 | D2: 3418.81 | E2: 0 | F2: 3418.81
B3: 45309 | C3: 6239092*TRF.DATA | D3: 0 | E3: 20000 | F3: -14197.61
B4: 45322 | C4: GASTOS BCARIOS 01/2024 | D4: 0 | E4: 1576.96 | F4: -14027.89
A5: =+_xlfn.CONCAT(B5,"-",D5) -> 45293-149 | B5: 45293 | C5: 535701777*DEP GTIA - SUC : 20 | D5: 149 | E5: 0 | F5: 3567.81 | G5: =+VLOOKUP(A5,'Extracto Banco Macro - V1'!$A$122:$F$161,6,FALSE) -> 149 | H5: =+D5-G5 -> 0
A6: =+_xlfn.CONCAT(B6,"-",D6) -> 45293-300 | B6: 45293 | C6: 537528570*DEP GTIA - SUC : 20 | D6: 300 | E6: 0 | F6: 3867.81 | G6: =+VLOOKUP(A6,'Extracto Banco Macro - V1'!$A$122:$F$161,6,FALSE) -> 300 | H6: =+D6-G6 -> 0
A7: =+_xlfn.CONCAT(B7,"-",D7) -> 45293-77,95 | B7: 45293 | C7: 537508742*DEP GTIA - SUC : 10 | D7: 77.95 | E7: 0 | F7: 3945.76 | G7: =+VLOOKUP(A7,'Extracto Banco Macro - V1'!$A$122:$F$161,6,FALSE) -> 77.95 | H7: =+D7-G7 -> 0
A8: =+_xlfn.CONCAT(B8,"-",D8) -> 45294-66 | B8: 45294 | C8: 545778848*DEP GTIA - SUC : 20 | D8: 66 | E8: 0 | F8: 4011.76 | G8: =+VLOOKUP(A8,'Extracto Banco Macro - V1'!$A$122:$F$161,6,FALSE) -> 66 | H8: =+D8-G8 -> 0
A9: =+_xlfn.CONCAT(B9,"-",D9) -> 45294-41,25 | B9: 45294 | C9: 544735514*DEP GTIA - SUC : 10 | D9: 41.25 | E9: 0 | F9: 4053.01 | G9: =+VLOOKUP(A9,'Extracto Banco Macro - V1'!$A$122:$F$161,6,FALSE) -> 41.25 | H9: =+D9-G9 -> 0
A10: =+_xlfn.CONCAT(B10,"-",D10) -> 45295-50 | B10: 45295 | C10: 553145540*DEP GTIA - SUC : 20 | D10: 50 | E10: 0 | F10: 4103.01 | G10: =+VLOOKUP(A10,'Extracto Banco Macro - V1'!$A$122:$F$161,6,FALSE) -> 50 | H10: =+D10-G10 -> 0
A11: =+_xlfn.CONCAT(B11,"-",D11) -> 45295-51 | B11: 45295 | C11: 554450789*DEP GTIA - SUC : 10 | D11: 51 | E11: 0 | F11: 4154.01 | G11: =+VLOOKUP(A11,'Extracto Banco Macro - V1'!$A$122:$F$161,6,FALSE) -> 51 | H11: =+D11-G11 -> 0
A12: =+_xlfn.CONCAT(B12,"-",D12) -> 45296-80 | B12: 45296 | C12: 565347544*DEP GTIA - SUC : 20 | D12: 80 | E12: 0 | F12: 4234.01 | G12: =+VLOOKUP(A12,'Extracto Banco Macro - V1'!$A$122:$F$161,6,FALSE) -> 80 | H12: =+D12-G12 -> 0
A13: =+_xlfn.CONCAT(B13,"-",D13) -> 45296-31,38 | B13: 45296 | C13: 564861639*DEP GTIA - SUC : 10 | D13: 31.38 | E13: 0 | F13: 4265.39 | G13: =+VLOOKUP(A13,'Extracto Banco Macro - V1'!$A$122:$F$161,6,FALSE) -> 31.38 | H13: =+D13-G13 -> 0
A14: =+_xlfn.CONCAT(B14,"-",D14) -> 45297-95 | B14: 45297 | C14: 574881645*DEP GTIA - SUC : 20 | D14: 95 | E14: 0 | F14: 4360.39 | G14: =+VLOOKUP(A14,'Extracto Banco Macro - V1'!$A$122:$F$161,6,FALSE) -> 95 | H14: =+D14-G14 -> 0
A15: =+_xlfn.CONCAT(B15,"-",D15) -> 45297-56,6 | B15: 45297 | C15: 576825239*DEP GTIA - SUC : 10 | D15: 56.6 | E15: 0 | F15: 4416.99 | G15: =+VLOOKUP(A15,'Extracto Banco Macro - V1'!$A$122:$F$161,6,FALSE) -> 56.6 | H15: =+D15-G15 -> 0
A16: =+_xlfn.CONCAT(B16,"-",D16) -> 45300-270 | B16: 45300 | C16: 585206832*DEP GTIA - SUC : 20 | D16: 270 | E16: 0 | F16: 4686.99 | G16: =+VLOOKUP(A16,'Extracto Banco Macro - V1'!$A$122:$F$161,6,FALSE) -> 270 | H16: =+D16-G16 -> 0
... A42: =+_xlfn.CONCAT(B42,"-",D42) -> 45322-31,06 | B42: 45322 | C42: 740460595*DEP GTIA - SUC : 10 | D42: 31.06 | E42: 0 | F42: -13851.83 | G42: =+VLOOKUP(A42,'Extracto Banco Macro - V1'!$A$122:$F$161,6,FALSE) -> 31.06 | H42: =+D42-G42 -> 0

Sheet Extracto Banco Macro - V0
A1: Concepto/Cod.Op. | B1: Fecha | C1: Comprobante | D1: Sucursal | E1: Importe | F1: Descripción | G1: Cod.Op.Bco.
A2: Saldo Apertura | E2: 3418.81
A3: CRED.INT | B3: 45293 | C3: 537508742 | D3: 101 | E3: 77.95 | F3: DEUDPUB-PP- N/C DEUD. PUB | G3: 01952
A4: CRED.INT | B4: 45293 | C4: 535701777 | D4: 207 | E4: 149 | F4: DEUDPUB-PP- N/C DEUD. PUB | G4: 01952
A5: CRED.INT | B5: 45293 | C5: 537528570 | D5: 204 | E5: 300 | F5: DEUDPUB-PP- N/C DEUD. PUB | G5: 01952
A6: COM.RECAUD | B6: 45293 | D6: 200 | E6: -30 | F6: COMISREC - N/D COMISIONE | G6: 01210
A7: CO.REC.CON | B7: 45293 | D7: 200 | E7: -6.3 | F7: GRAVRECAUD- GRAV.MENES PO | G7: 01211
A8: LEY25413CR | B8: 45293 | D8: 200 | E8: -3.16 | F8: IMPDBCRTG - DBCR 25413 S/ | G8: 01685
A9: RET.IN.BRU | B9: 45293 | D9: 811 | E9: -2.64 | F9: IIBBSIRCRE- RET. ING. BRU | G9: 01297
A10: ING.BR.TUC | B10: 45293 | D10: 140 | E10: -0.32 | F10: RETIBTUCU - RET IIBB TUCU | G10: 01972
A11: LEY25413DB | B11: 45293 | D11: 200 | E11: -0.24 | F11: IMPDBCRTG - DBCR 25413 S/ | G11: 01684
A12: CRED.INT | B12: 45294 | C12: 544735514 | D12: 101 | E12: 41.25 | F12: DEUDPUB-PP- N/C DEUD. PUB | G12: 01952
A13: CRED.INT | B13: 45294 | C13: 545778848 | D13: 207 | E13: 66 | F13: DEUDPUB-PP- N/C DEUD. PUB | G13: 01952
A14: COM.RECAUD | B14: 45294 | D14: 200 | E14: -20 | F14: COMISREC - N/D COMISIONE | G14: 01210
A15: CO.REC.CON | B15: 45294 | D15: 200 | E15: -4.2 | F15: GRAVRECAUD- GRAV.MENES PO | G15: 01211
A16: LEY25413CR | B16: 45294 | D16: 200 | E16: -0.65 | F16: IMPDBCRTG - DBCR 25413 S/ | G16: 01685
A17: RET.IN.BRU | B17: 45294 | D17: 811 | E17: -0.54 | F17: IIBBSIRCRE- RET. ING. BRU | G17: 01297
A18: LEY25413DB | B18: 45294 | D18: 200 | E18: -0.15 | F18: IMPDBCRTG - DBCR 25413 S/ | G18: 01684
A19: ING.BR.TUC | B19: 45294 | D19: 140 | E19: -0.06 | F19: RETIBTUCU - RET IIBB TUCU | G19: 01972
A20: CRED.INT | B20: 45295 | C20: 553145540 | D20: 207 | E20: 50 | F20: DEUDPUB-PP- N/C DEUD. PUB | G20: 01952
A21: CRED.INT | B21: 45295 | C21: 554450789 | D21: 101 | E21: 51 | F21: DEUDPUB-PP- N/C DEUD. PUB | G21: 01952
A22: COM.RECAUD | B22: 45295 | D22: 200 | E22: -20 | F22: COMISREC - N/D COMISIONE | G22: 01210
A23: CO.REC.CON | B23: 45295 | D23: 200 | E23: -4.2 | F23: GRAVRECAUD- GRAV.MENES PO | G23: 01211
A24: LEY25413CR | B24: 45295 | D24: 200 | E24: -0.61 | F24: IMPDBCRTG - DBCR 25413 S/ | G24: 01685
A25: RET.IN.BRU | B25: 45295 | D25: 811 | E25: -0.51 | F25: IIBBSIRCRE- RET. ING. BRU | G25: 01297
A26: LEY25413DB | B26: 45295 | D26: 200 | E26: -0.15 | F26: IMPDBCRTG - DBCR 25413 S/ | G26: 01684
A27: ING.BR.TUC | B27: 45295 | D27: 140 | E27: -0.06 | F27: RETIBTUCU - RET IIBB TUCU | G27: 01972
A28: CRED.INT | B28: 45296 | C28: 564861639 | D28: 101 | E28: 31.38 | F28: DEUDPUB-PP- N/C DEUD. PUB | G28: 01952
A29: CRED.INT | B29: 45296 | C29: 565347544 | D29: 207 | E29: 80 | F29: DEUDPUB-PP- N/C DEUD. PUB | G29: 01952
A30: COM.RECAUD | B30: 45296 | D30: 200 | E30: -20 | F30: COMISREC - N/D COMISIONE | G30: 01210
A31: CO.REC.CON | B31: 45296 | D31: 200 | E31: -4.2 | F31: GRAVRECAUD- GRAV.MENES PO | G31: 01211
A32: LEY25413CR | B32: 45296 | D32: 200 | E32: -0.67 | F32: IMPDBCRTG - DBCR 25413 S/ | G32: 01685
A33: RET.IN.BRU | B33: 45296 | D33: 811 | E33: -0.56 | F33: IIBBSIRCRE- RET. ING. BRU | G33: 01297
A34: LEY25413DB | B34: 45296 | D34: 200 | E34: -0.15 | F34: IMPDBCRTG - DBCR 25413 S/ | G34: 01684
A35: ING.BR.TUC | B35: 45296 | D35: 140 | E35: -0.07 | F35: RETIBTUCU - RET IIBB TUCU | G35: 01972
A36: CRED.INT | B36: 45297 | C36: 576825239 | D36: 101 | E36: 56.6 | F36: DEUDPUB-PP- N/C DEUD. PUB | G36: 01952
A37: CRED.INT | B37: 45297 | C37: 574881645 | D37: 207 | E37: 95 | F37: DEUDPUB-PP- N/C DEUD. PUB | G37: 01952
A38: COM.RECAUD | B38: 45297 | D38: 200 | E38: -20 | F38: COMISREC - N/D COMISIONE | G38: 01210
A39: CO.REC.CON | B39: 45297 | D39: 200 | E39: -4.2 | F39: GRAVRECAUD- GRAV.MENES PO | G39: 01211
A40: LEY25413CR | B40: 45297 | D40: 200 | E40: -0.91 | F40: IMPDBCRTG - DBCR 25413 S/ | G40: 01685
A41: RET.IN.BRU | B41: 45297 | D41: 811 | E41: -0.76 | F41: IIBBSIRCRE- RET. ING. BRU | G41: 01297
A42: LEY25413DB | B42: 45297 | D42: 200 | E42: -0.15 | F42: IMPDBCRTG - DBCR 25413 S/ | G42: 01684
A43: ING.BR.TUC | B43: 45297 | D43: 140 | E43: -0.09 | F43: RETIBTUCU - RET IIBB TUCU | G43: 01972
A44: CRED.INT | B44: 45300 | C44: 588027693 | D44: 101 | E44: 160.27 | F44: DEUDPUB-PP- N/C DEUD. PUB | G44: 01952
A45: CRED.INT | B45: 45300 | C45: 585206832 | D45: 207 | E45: 270 | F45: DEUDPUB-PP- N/C DEUD. PUB | G45: 01952
A46: CRED.INT | B46: 45300 | C46: 587919964 | D46: 204 | E46: 300 | F46: DEUDPUB-PP- N/C DEUD. PUB | G46: 01952
A47: COM.RECAUD | B47: 45300 | D47: 200 | E47: -30 | F47: COMISREC - N/D COMISIONE | G47: 01210
A48: CO.REC.CON | B48: 45300 | D48: 200 | E48: -6.3 | F48: GRAVRECAUD- GRAV.MENES PO | G48: 01211
A49: LEY25413CR | B49: 45300 | D49: 200 | E49: -4.38 | F49: IMPDBCRTG - DBCR 25413 S/ | G49: 01685
A50: RET.IN.BRU | B50: 45300 | D50: 811 | E50: -3.65 | F50: IIBBSIRCRE- RET. ING. BRU | G50: 01297
A51: ING.BR.TUC | B51: 45300 | D51: 140 | E51: -0.44 | F51: RETIBTUCU - RET IIBB TUCU | G51: 01972
A52: LEY25413DB | B52: 45300 | D52: 200 | E52: -0.24 | F52: IMPDBCRTG - DBCR 25413 S/ | G52: 01684
A53: CRED.INT | B53: 45301 | C53: 598121249 | D53: 101 | E53: 59.58 | F53: DEUDPUB-PP- N/C DEUD. PUB | G53: 01952
A54: COM.RECAUD | B54: 45301 | D54: 200 | E54: -10 | F54: COMISREC - N/D COMISIONE | G54: 01210
A55: CO.REC.CON | B55: 45301 | D55: 200 | E55: -2.1 | F55: GRAVRECAUD- GRAV.MENES PO | G55: 01211
A56: LEY25413CR | B56: 45301 | D56: 200 | E56: -0.36 | F56: IMPDBCRTG - DBCR 25413 S/ | G56: 01685
A57: RET.IN.BRU | B57: 45301 | D57: 811 | E57: -0.3 | F57: IIBBSIRCRE- RET. ING. BRU | G57: 01297
A58: LEY25413DB | B58: 45301 | D58: 200 | E58: -0.07 | F58: IMPDBCRTG - DBCR 25413 S/ | G58: 01684
A59: ING.BR.TUC | B59: 45301 | D59: 140 | E59: -0.04 | F59: RETIBTUCU - RET IIBB TUCU | G59: 01972
A60: CRED.INT | B60: 45304 | C60: 624647178 | D60: 101 | E60: 123.75 | F60: DEUDPUB-PP- N/C DEUD. PUB | G60: 01952
A61: COM.RECAUD | B61: 45304 | D61: 200 | E61: -10 | F61: COMISREC - N/D COMISIONE | G61: 01210
A62: CO.REC.CON | B62: 45304 | D62: 200 | E62: -2.1 | F62: GRAVRECAUD- GRAV.MENES PO | G62: 01211
A63: LEY25413CR | B63: 45304 | D63: 200 | E63: -0.74 | F63: IMPDBCRTG - DBCR 25413 S/ | G63: 01685
A64: RET.IN.BRU | B64: 45304 | D64: 811 | E64: -0.62 | F64: IIBBSIRCRE- RET. ING. BRU | G64: 01297
A65: ING.BR.TUC | B65: 45304 | D65: 140 | E65: -0.07 | F65: RETIBTUCU - RET IIBB TUCU | G65: 01972
A66: LEY25413DB | B66: 45304 | D66: 200 | E66: -0.07 | F66: IMPDBCRTG - DBCR 25413 S/ | G66: 01684
A67: CRED.INT | B67: 45307 | C67: 636625393 | D67: 207 | E67: 60 | F67: DEUDPUB-PP- N/C DEUD. PUB | G67: 01952
A68: CRED.INT | B68: 45307 | C68: 638086710 | D68: 204 | E68: 300 | F68: DEUDPUB-PP- N/C DEUD. PUB | G68: 01952
A69: CRED.INT | B69: 45307 | C69: 636712546 | D69: 381 | E69: 1391.54 | F69: DEUDPUB-PP- N/C DEUD. PUB | G69: 01952
A70: CRED.INT | B70: 45307 | C70: 637285014 | D70: 172 | E70: 20379.16 | F70: DEUDPUB-PP- N/C DEUD. PUB | G70: 01952
A71: LEY25413CR | B71: 45307 | D71: 200 | E71: -132.78 | F71: IMPDBCRTG - DBCR 25413 S/ | G71: 01685
A72: RET.IN.BRU | B72: 45307 | D72: 811 | E72: -110.66 | F72: IIBBSIRCRE- RET. ING. BRU | G72: 01297
A73: COM.RECAUD | B73: 45307 | D73: 200 | E73: -70.76 | F73: COMISREC - N/D COMISIONE | G73: 01210
A74: CO.REC.CON | B74: 45307 | D74: 200 | E74: -14.86 | F74: GRAVRECAUD- GRAV.MENES PO | G74: 01211
A75: ING.BR.TUC | B75: 45307 | D75: 140 | E75: -13.28 | F75: RETIBTUCU - RET IIBB TUCU | G75: 01972
A76: LEY25413DB | B76: 45307 | D76: 200 | E76: -1.25 | F76: IMPDBCRTG - DBCR 25413 S/ | G76: 01684
A77: CRED.INT | B77: 45309 | C77: 656648300 | D77: 207 | E77: 18 | F77: DEUDPUB-PP- N/C DEUD. PUB | G77: 01952
A78: CRED.INT | B78: 45309 | C78: 656550696 | D78: 101 | E78: 93.8 | F78: DEUDPUB-PP- N/C DEUD. PUB | G78: 01952
A79: TRF.DATA | B79: 45309 | C79: 19309092 | D79: 200 | E79: -20000 | F79: TRFDATANET- TRANSF DATANE | G79: 02018
A80: COM.RECAUD | B80: 45309 | D80: 200 | E80: -20 | F80: COMISREC - N/D COMISIONE | G80: 01210
A81: COM.TEF DN | B81: 45309 | C81: 10530118 | D81: 200 | E81: -5.5 | F81: DNTCOMITR - COMISION TRAN | G81: 00531
A82: CO.REC.CON | B82: 45309 | D82: 200 | E82: -4.2 | F82: GRAVRECAUD- GRAV.MENES PO | G82: 01211
A83: IVA 21% | B83: 45309 | C83: 10530118 | D83: 200 | E83: -1.16 | F83: IVA Basico 21% | G83: 00531
A84: LEY25413CR | B84: 45309 | D84: 200 | E84: -0.67 | F84: IMPDBCRTG - DBCR 25413 S/ | G84: 01685
A85: RET.IN.BRU | B85: 45309 | D85: 811 | E85: -0.56 | F85: IIBBSIRCRE- RET. ING. BRU | G85: 01297
A86: LEY25413DB | B86: 45309 | D86: 200 | E86: -0.19 | F86: IMPDBCRTG - DBCR 25413 S/ | G86: 01684
A87: ING.BR.TUC | B87: 45309 | D87: 140 | E87: -0.07 | F87: RETIBTUCU - RET IIBB TUCU | G87: 01972
A88: CRED.INT | B88: 45310 | C88: 663875011 | D88: 207 | E88: 110 | F88: DEUDPUB-PP- N/C DEUD. PUB | G88: 01952
A89: COM.RECAUD | B89: 45310 | D89: 200 | E89: -10 | F89: COMISREC - N/D COMISIONE | G89: 01210
A90: CO.REC.CON | B90: 45310 | D90: 200 | E90: -2.1 | F90: GRAVRECAUD- GRAV.MENES PO | G90: 01211
A91: LEY25413CR | B91: 45310 | D91: 200 | E91: -0.66 | F91: IMPDBCRTG - DBCR 25413 S/ | G91: 01685
A92: RET.IN.BRU | B92: 45310 | D92: 811 | E92: -0.55 | F92: IIBBSIRCRE- RET. ING. BRU | G92: 01297
A93: ING.BR.TUC | B93: 45310 | D93: 140 | E93: -0.07 | F93: RETIBTUCU - RET IIBB TUCU | G93: 01972
A94: LEY25413DB | B94: 45310 | D94: 200 | E94: -0.07 | F94: IMPDBCRTG - DBCR 25413 S/ | G94: 01684
A95: CRED.INT | B95: 45311 | C95: 674930018 | D95: 207 | E95: 40 | F95: DEUDPUB-PP- N/C DEUD. PUB | G95: 01952
A96: CRED.INT | B96: 45311 | C96: 672778277 | D96: 101 | E96: 72.45 | F96: DEUDPUB-PP- N/C DEUD. PUB | G96: 01952
A97: COM.RECAUD | B97: 45311 | D97: 200 | E97: -20 | F97: COMISREC - N/D COMISIONE | G97: 01210
A98: CO.REC.CON | B98: 45311 | D98: 200 | E98: -4.2 | F98: GRAVRECAUD- GRAV.MENES PO | G98: 01211
A99: LEY25413CR | B99: 45311 | D99: 200 | E99: -0.67 | F99: IMPDBCRTG - DBCR 25413 S/ | G99: 01685
A100: RET.IN.BRU | B100: 45311 | D100: 811 | E100: -0.56 | F100: IIBBSIRCRE- RET. ING. BRU | G100: 01297
...

Sheet Extracto Banco Macro - V1
B1: Fecha | C1: Concepto/Cod.Op. | D1: Comprobante | E1: Importe | F1: DEBE | G1: HABER | H1: SALDO | I1: BUSCARV | J1: DIFERENCIA | K1: OBS
B2: 45292 | C2: Saldo Apertura | E2: 3418.81 | H2: =+E2 -> 3418.81
B3: 45293 | C3: COM.RECAUD | E3: -30 | F3: =+IF(E3>0,E3,0) -> 0 | G3: =-IF(E3<0,E3,0) -> 30 | H3: =+H2+F3-G3 -> 3388.81
B4: 45293 | C4: CO.REC.CON | E4: -6.3 | F4: =+IF(E4>0,E4,0) -> 0 | G4: =-IF(E4<0,E4,0) -> 6.3 | H4: =+H3+F4-G4 -> 3382.51
B5: 45293 | C5: LEY25413CR | E5: -3.16 | F5: =+IF(E5>0,E5,0) -> 0 | G5: =-IF(E5<0,E5,0) -> 3.16 | H5: =+H4+F5-G5 -> 3379.35
B6: 45293 | C6: RET.IN.BRU | E6: -2.64 | F6: =+IF(E6>0,E6,0) -> 0 | G6: =-IF(E6<0,E6,0) -> 2.64 | H6: =+H5+F6-G6 -> 3376.71
B7: 45293 | C7: ING.BR.TUC | E7: -0.32 | F7: =+IF(E7>0,E7,0) -> 0 | G7: =-IF(E7<0,E7,0) -> 0.32 | H7: =+H6+F7-G7 -> 3376.39
B8: 45293 | C8: LEY25413DB | E8: -0.24 | F8: =+IF(E8>0,E8,0) -> 0 | G8: =-IF(E8<0,E8,0) -> 0.24 | H8: =+H7+F8-G8 -> 3376.15
B9: 45294 | C9: COM.RECAUD | E9: -20 | F9: =+IF(E9>0,E9,0) -> 0 | G9: =-IF(E9<0,E9,0) -> 20 | H9: =+H8+F9-G9 -> 3356.15
B10: 45294 | C10: CO.REC.CON | E10: -4.2 | F10: =+IF(E10>0,E10,0) -> 0 | G10: =-IF(E10<0,E10,0) -> 4.2 | H10: =+H9+F10-G10 -> 3351.95
B11: 45294 | C11: LEY25413CR | E11: -0.65 | F11: =+IF(E11>0,E11,0) -> 0 | G11: =-IF(E11<0,E11,0) -> 0.65 | H11: =+H10+F11-G11 -> 3351.3
B12: 45294 | C12: RET.IN.BRU | E12: -0.54 | F12: =+IF(E12>0,E12,0) -> 0 | G12: =-IF(E12<0,E12,0) -> 0.54 | H12: =+H11+F12-G12 -> 3350.76
B13: 45294 | C13: LEY25413DB | E13: -0.15 | F13: =+IF(E13>0,E13,0) -> 0 | G13: =-IF(E13<0,E13,0) -> 0.15 | H13: =+H12+F13-G13 -> 3350.61
B14: 45294 | C14: ING.BR.TUC | E14: -0.06 | F14: =+IF(E14>0,E14,0) -> 0 | G14: =-IF(E14<0,E14,0) -> 0.06 | H14: =+H13+F14-G14 -> 3350.55
... B56: 45307 | C56: LEY25413DB | E56: -1.25 | F56: =+IF(E56>0,E56,0) -> 0 | G56: =-IF(E56<0,E56,0) -> 1.25 | H56: =+H55+F56-G56 -> 2858.19
B57: 45309 | C57: TRF.DATA | D57: 19309092 | E57: -20000 | F57: =+IF(E57>0,E57,0) -> 0 | G57: =-IF(E57<0,E57,0) -> 20000 | H57: =+H56+F57-G57 -> -17141.81
B58: 45309 | C58: COM.RECAUD | E58: -20 | F58: =+IF(E58>0,E58,0) -> 0 | G58: =-IF(E58<0,E58,0) -> 20 | H58: =+H57+F58-G58 -> -17161.81
B59: 45309 | C59: COM.TEF DN | D59: 10530118 | E59: -5.5 | F59: =+IF(E59>0,E59,0) -> 0 | G59: =-IF(E59<0,E59,0) -> 5.5 | H59: =+H58+F59-G59 -> -17167.31
B60: 45309 | C60: CO.REC.CON | E60: -4.2 | F60: =+IF(E60>0,E60,0) -> 0 | G60: =-IF(E60<0,E60,0) -> 4.2 | H60: =+H59+F60-G60 -> -17171.51
B61: 45309 | C61: IVA 21% | D61: 10530118 | E61: -1.16 | F61: =+IF(E61>0,E61,0) -> 0 | G61: =-IF(E61<0,E61,0) -> 1.16 | H61: =+H60+F61-G61 -> -17172.67
B62: 45309 | C62: LEY25413CR | E62: -0.67 | F62: =+IF(E62>0,E62,0) -> 0 | G62: =-IF(E62<0,E62,0) -> 0.67 | H62: =+H61+F62-G62 -> -17173.34
B63: 45309 | C63: RET.IN.BRU | E63: -0.56 | F63: =+IF(E63>0,E63,0) -> 0 | G63: =-IF(E63<0,E63,0) -> 0.56 | H63: =+H62+F63-G63 -> -17173.9
B64: 45309 | C64: LEY25413DB | E64: -0.19 | F64: =+IF(E64>0,E64,0) -> 0 | G64: =-IF(E64<0,E64,0) -> 0.19 | H64: =+H63+F64-G64 -> -17174.09
B65: 45309 | C65: ING.BR.TUC | E65: -0.07 | F65: =+IF(E65>0,E65,0) -> 0 | G65: =-IF(E65<0,E65,0) -> 0.07 | H65: =+H64+F65-G65 -> -17174.16
B66: 45310 | C66: COM.RECAUD | E66: -10 | F66: =+IF(E66>0,E66,0) -> 0 | G66: =-IF(E66<0,E66,0) -> 10 | H66: =+H65+F66-G66 -> -17184.16
B67: 45310 | C67: CO.REC.CON | E67: -2.1 | F67: =+IF(E67>0,E67,0) -> 0 | G67: =-IF(E67<0,E67,0) -> 2.1 | H67: =+H66+F67-G67 -> -17186.26
B68: 45310 | C68: LEY25413CR | E68: -0.66 | F68: =+IF(E68>0,E68,0) -> 0 | G68: =-IF(E68<0,E68,0) -> 0.66 | H68: =+H67+F68-G68 -> -17186.92
B69: 45310 | C69: RET.IN.BRU | E69: -0.55 | F69: =+IF(E69>0,E69,0) -> 0 | G69: =-IF(E69<0,E69,0) -> 0.55 | H69: =+H68+F69-G69 -> -17187.47
B70: 45310 | C70: ING.BR.TUC | E70: -0.07 | F70: =+IF(E70>0,E70,0) -> 0 | G70: =-IF(E70<0,E70,0) -> 0.07 | H70: =+H69+F70-G70 -> -17187.54
B71: 45310 | C71: LEY25413DB | E71: -0.07 | F71: =+IF(E71>0,E71,0) -> 0 | G71: =-IF(E71<0,E71,0) -> 0.07 | H71: =+H70+F71-G71 -> -17187.61
B72: 45311 | C72: COM.RECAUD | E72: -20 | F72: =+IF(E72>0,E72,0) -> 0 | G72: =-IF(E72<0,E72,0) -> 20 | H72: =+H71+F72-G72 -> -17207.61
B73: 45311 | C73: CO.REC.CON | E73: -4.2 | F73: =+IF(E73>0,E73,0) -> 0 | G73: =-IF(E73<0,E73,0) -> 4.2 | H73: =+H72+F73-G73 -> -17211.81
... B121: 45322 | C121: ING.BR.TUC | E121: -0.11 | F121: =+IF(E121>0,E121,0) -> 0 | G121: =-IF(E121<0,E121,0) -> 0.11 | H121: =+H120+F121-G121 -> -18158.16
A122: =+B122&"-"&F122 -> 45293-77,95 | B122: 45293 | C122: CRED.INT | D122: 537508742 | E122: 77.95 | F122: =+IF(E122>0,E122,0) -> 77.95 | G122: =-IF(E122<0,E122,0) -> 0 | H122: =+H121+F122-G122 -> -18080.21 | I122: =+VLOOKUP(A122,'Mayor Bco Macro - V1'!$A$5:$D$42,4,0) -> 77.95 | J122: =+F122-I122 -> 0
A123: =+B123&"-"&F123 -> 45293-149 | B123: 45293 | C123: CRED.INT | D123: 535701777 | E123: 149 | F123: =+IF(E123>0,E123,0) -> 149 | G123: =-IF(E123<0,E123,0) -> 0 | H123: =+H122+F123-G123 -> -17931.21 | I123: =+VLOOKUP(A123,'Mayor Bco Macro - V1'!$A$5:$D$42,4,0) -> 149 | J123: =+F123-I123 -> 0
A124: =+B124&"-"&F124 -> 45293-300 | B124: 45293 | C124: CRED.INT | D124: 537528570 | E124: 300 | F124: =+IF(E124>0,E124,0) -> 300 | G124: =-IF(E124<0,E124,0) -> 0 | H124: =+H123+F124-G124 -> -17631.21 | I124: =+VLOOKUP(A124,'Mayor Bco Macro - V1'!$A$5:$D$42,4,0) -> 300 | J124: =+F124-I124 -> 0
A125: =+B125&"-"&F125 -> 45294-41,25 | B125: 45294 | C125: CRED.INT | D125: 544735514 | E125: 41.25 | F125: =+IF(E125>0,E125,0) -> 41.25 | G125: =-IF(E125<0,E125,0) -> 0 | H125: =+H124+F125-G125 -> -17589.96 | I125: =+VLOOKUP(A125,'Mayor Bco Macro - V1'!$A$5:$D$42,4,0) -> 41.25 | J125: =+F125-I125 -> 0
A126: =+B126&"-"&F126 -> 45294-66 | B126: 45294 | C126: CRED.INT | D126: 545778848 | E126: 66 | F126: =+IF(E126>0,E126,0) -> 66 | G126: =-IF(E126<0,E126,0) -> 0 | H126: =+H125+F126-G126 -> -17523.96 | I126: =+VLOOKUP(A126,'Mayor Bco Macro - V1'!$A$5:$D$42,4,0) -> 66 | J126: =+F126-I126 -> 0
A127: =+B127&"-"&F127 -> 45295-50 | B127: 45295 | C127: CRED.INT | D127: 553145540 | E127: 50 | F127: =+IF(E127>0,E127,0) -> 50 | G127: =-IF(E127<0,E127,0) -> 0 | H127: =+H126+F127-G127 -> -17473.96 | I127: =+VLOOKUP(A127,'Mayor Bco Macro - V1'!$A$5:$D$42,4,0) -> 50 | J127: =+F127-I127 -> 0
A128: =+B128&"-"&F128 -> 45295-51 | B128: 45295 | C128: CRED.INT | D128: 554450789 | E128: 51 | F128: =+IF(E128>0,E128,0) -> 51 | G128: =-IF(E128<0,E128,0) -> 0 | H128: =+H127+F128-G128 -> -17422.96 | I128: =+VLOOKUP(A128,'Mayor Bco Macro - V1'!$A$5:$D$42,4,0) -> 51 | J128: =+F128-I128 -> 0
A129: =+B129&"-"&F129 -> 45296-31,38 | B129: 45296 | C129: CRED.INT | D129: 564861639 | E129: 31.38 | F129: =+IF(E129>0,E129,0) -> 31.38 | G129: =-IF(E129<0,E129,0) -> 0 | H129: =+H128+F129-G129 -> -17391.58 | I129: =+VLOOKUP(A129,'Mayor Bco Macro - V1'!$A$5:$D$42,4,0) -> 31.38 | J129: =+F129-I129 -> 0
A130: =+B130&"-"&F130 -> 45296-80 | B130: 45296 | C130: CRED.INT | D130: 565347544 | E130: 80 | F130: =+IF(E130>0,E130,0) -> 80 | G130: =-IF(E130<0,E130,0) -> 0 | H130: =+H129+F130-G130 -> -17311.58 | I130: =+VLOOKUP(A130,'Mayor Bco Macro - V1'!$A$5:$D$42,4,0) -> 80 | J130: =+F130-I130 -> 0
A131: =+B131&"-"&F131 -> 45297-56,6 | B131: 45297 | C131: CRED.INT | D131: 576825239 | E131: 56.6 | F131: =+IF(E131>0,E131,0) -> 56.6 | G131: =-IF(E131<0,E131,0) -> 0 | H131: =+H130+F131-G131 -> -17254.98 | I131: =+VLOOKUP(A131,'Mayor Bco Macro - V1'!$A$5:$D$42,4,0) -> 56.6 | J131: =+F131-I131 -> 0
A132: =+B132&"-"&F132 -> 45297-95 | B132: 45297 | C132: CRED.INT | D132: 574881645 | E132: 95 | F132: =+IF(E132>0,E132,0) -> 95 | G132: =-IF(E132<0,E132,0) -> 0 | H132: =+H131+F132-G132 -> -17159.98 | I132: =+VLOOKUP(A132,'Mayor Bco Macro - V1'!$A$5:$D$42,4,0) -> 95 | J132: =+F132-I132 -> 0
A133: =+B133&"-"&F133 -> 45300-160,27 | B133: 45300 | C133: CRED.INT | D133: 588027693 | E133: 160.27 | F133: =+IF(E133>0,E133,0) -> 160.27 | G133: =-IF(E133<0,E133,0) -> 0 | H133: =+H132+F133-G133 -> -16999.71 | I133: =+VLOOKUP(A133,'Mayor Bco Macro - V1'!$A$5:$D$42,4,0) -> 160.27 | J133: =+F133-I133 -> 0
... A139: =+B139&"-"&F139 -> 45307-300 | B139: 45307 | C139: CRED.INT | D139: 638086710 | E139: 300 | F139: =+IF(E139>0,E139,0) -> 300 | G139: =-IF(E139<0,E139,0) -> 0 | H139: =+H138+F139-G139 -> -15886.38 | I139: =+VLOOKUP(A139,'Mayor Bco Macro - V1'!$A$5:$D$42,4,0) -> 300 | J139: =+F139-I139 -> 0
A140: =+B140&"-"&F140 -> 45307-1391,54 | B140: 45307 | C140: CRED.INT | D140: 636712546 | E140: 1391.54 | F140: =+IF(E140>0,E140,0) -> 1391.54 | G140: =-IF(E140<0,E140,0) -> 0 | H140: =+H139+F140-G140 -> -14494.84 | I140: =+VLOOKUP(A140,'Mayor Bco Macro - V1'!$A$5:$D$42,4,0) -> #N/A | J140: =+F140-I140 -> #N/A | K140: Falta registrar
A141: =+B141&"-"&F141 -> 45307-20379,16 | B141: 45307 | C141: CRED.INT | D141: 637285014 | E141: 20379.16 | F141: =+IF(E141>0,E141,0) -> 20379.16 | G141: =-IF(E141<0,E141,0) -> 0 | H141: =+H140+F141-G141 -> 5884.32 | I141: =+VLOOKUP(A141,'Mayor Bco Macro - V1'!$A$5:$D$42,4,0) -> #N/A | J141: =+F141-I141 -> #N/A | K141: Falta registrar
A142: =+B142&"-"&F142 -> 45309-18 | B142: 45309 | C142: CRED.INT | D142: 656648300 | E142: 18 | F142: =+IF(E142>0,E142,0) -> 18 | G142: =-IF(E142<0,E142,0) -> 0 | H142: =+H141+F142-G142 -> 5902.32 | I142: =+VLOOKUP(A142,'Mayor Bco Macro - V1'!$A$5:$D$42,4,0) -> 18 | J142: =+F142-I142 -> 0
A143: =+B143&"-"&F143 -> 45309-93,8 | B143: 45309 | C143: CRED.INT | D143: 656550696 | E143: 93.8 | F143: =+IF(E143>0,E143,0) -> 93.8 | G143: =-IF(E143<0,E143,0) -> 0 | H143: =+H142+F143-G143 -> 5996.12 | I143: =+VLOOKUP(A143,'Mayor Bco Macro - V1'!$A$5:$D$42,4,0) -> 93.8 | J143: =+F143-I143 -> 0
A144: =+B144&"-"&F144 -> 45310-110 | B144: 45310 | C144: CRED.INT | D144: 663875011 | E144: 110 | F144: =+IF(E144>0,E144,0) -> 110 | G144: =-IF(E144<0,E144,0) -> 0 | H144: =+H143+F144-G144 -> 6106.12 | I144: =+VLOOKUP(A144,'Mayor Bco Macro - V1'!$A$5:$D$42,4,0) -> 110 | J144: =+F144-I144 -> 0
A145: =+B145&"-"&F145 -> 45311-40 | B145: 45311 | C145: CRED.INT | D145: 674930018 | E145: 40 | F145: =+IF(E145>0,E145,0) -> 40 | G145: =-IF(E145<0,E145,0) -> 0 | H145: =+H144+F145-G145 -> 6146.12 | I145: =+VLOOKUP(A145,'Mayor Bco Macro - V1'!$A$5:$D$42,4,0) -> 40 | J145: =+F145-I145 -> 0
A146: =+B146&"-"&F146 -> 45311-72,45 | B146: 45311 | C146: CRED.INT | D146: 672778277 | E146: 72.45 | F146: =+IF(E146>0,E146,0) -> 72.45 | G146: =-IF(E146<0,E146,0) -> 0 | H146: =+H145+F146-G146 -> 6218.57 | I146: =+VLOOKUP(A146,'Mayor Bco Macro - V1'!$A$5:$D$42,4,0) -> 72.45 | J146: =+F146-I146 -> 0
A147: =+B147&"-"&F147 -> 45314-107,47 | B147: 45314 | C147: CRED.INT | D147: 685328691 | E147: 107.47 | F147: =+IF(E147>0,E147,0) -> 107.47 | G147: =-IF(E147<0,E147,0) -> 0 | H147: =+H146+F147-G147 -> 6326.04 | I147: =+VLOOKUP(A147,'Mayor Bco Macro - V1'!$A$5:$D$42,4,0) -> 107.47 | J147: =+F147-I147 -> 0
A148: =+B148&"-"&F148 -> 45314-280 | B148: 45314 | C148: CRED.INT | D148: 682961730 | E148: 280 | F148: =+IF(E148>0,E148,0) -> 280 | G148: =-IF(E148<0,E148,0) -> 0 | H148: =+H147+F148-G148 -> 6606.04 | I148: =+VLOOKUP(A148,'Mayor Bco Macro - V1'!$A$5:$D$42,4,0) -> 280 | J148: =+F148-I148 -> 0
A149: =+B149&"-"&F149 -> 45314-300 | B149: 45314 | C149: CRED.INT | D149: 684731780 | E149: 300 | F149: =+IF(E149>0,E149,0) -> 300 | G149: =-IF(E149<0,E149,0) -> 0 | H149: =+H148+F149-G149 -> 6906.04 | I149: =+VLOOKUP(A149,'Mayor Bco Macro - V1'!$A$5:$D$42,4,0) -> 300 | J149: =+F149-I149 -> 0
A150: =+B150&"-"&F150 -> 45315-34,9 | B150: 45315 | C150: CRED.INT | D150: 694027495 | E150: 34.9 | F150: =+IF(E150>0,E150,0) -> 34.9 | G150: =-IF(E150<0,E150,0) -> 0 | H150: =+H149+F150-G150 -> 6940.94 | I150: =+VLOOKUP(A150,'Mayor Bco Macro - V1'!$A$5:$D$42,4,0) -> 34.9 | J150: =+F150-I150 -> 0
A151: =+B151&"-"&F151 -> 45315-90 | B151: 45315 | C151: CRED.INT | D151: 692258246 | E151: 90 | F151: =+IF(E151>0,E151,0) -> 90 | G151: =-IF(E151<0,E151,0) -> 0 | H151: =+H150+F151-G151 -> 7030.94 | I151: =+VLOOKUP(A151,'Mayor Bco Macro - V1'!$A$5:$D$42,4,0) -> 90 | J151: =+F151-I151 -> 0
A152: =+B152&"-"&F152 -> 45316-24,44 | B152: 45316 | C152: CRED.INT | D152: 702656834 | E152: 24.44 | F152: =+IF(E152>0,E152,0) -> 24.44 | G152: =-IF(E152<0,E152,0) -> 0 | H152: =+H151+F152-G152 -> 7055.38 | I152: =+VLOOKUP(A152,'Mayor Bco Macro - V1'!$A$5:$D$42,4,0) -> 24.44 | J152: =+F152-I152 -> 0
A153: =+B153&"-"&F153 -> 45316-112 | B153: 45316 | C153: CRED.INT | D153: 701729506 | E153: 112 | F153: =+IF(E153>0,E153,0) -> 112 | G153: =-IF(E153<0,E153,0) -> 0 | H153: =+H152+F153-G153 -> 7167.38 | I153: =+VLOOKUP(A153,'Mayor Bco Macro - V1'!$A$5:$D$42,4,0) -> 112 | J153: =+F153-I153 -> 0
... A161: =+B161&"-"&F161 -> 45322-145 | B161: 45322 | C161: CRED.INT | D161: 738663314 | E161: 145 | F161: =+IF(E161>0,E161,0) -> 145 | G161: =-IF(E161<0,E161,0) -> 0 | H161: =+H160+F161-G161 -> 7918.86 | I161: =+VLOOKUP(A161,'Mayor Bco Macro - V1'!$A$5:$D$42,4,0) -> 145 | J161: =+F161-I161 -> 0

Sheet Conciliacion
C3: Saldo Inicial | D3: Ingresos | E3: Egresos | F3: Saldo
B4: Mayor | C4: =+'Mayor Bco Macro - V1'!D2 -> 3418.81 | D4: =+SUM('Mayor Bco Macro - V1'!D3:D42) -> 4306.32 | E4: =-SUM('Mayor Bco Macro - V1'!E3:E42) -> -21576.96 | F4: =SUM(C4:E4) -> -13851.83 | J4: Saldo Contable | K4: =+F4 -> -13851.83
B5: Extracto | C5: =+'Extracto Banco Macro - V1'!E2 -> 3418.81 | D5: =+SUMIF('Extracto Banco Macro - V1'!E3:E161,">0",'Extracto Banco Macro - V1'!E3:E161) -> 26077.02 | E5: =+SUMIF('Extracto Banco Macro - V1'!E3:E161,"<0",'Extracto Banco Macro - V1'!E3:E161) -> -21576.97 | F5: =SUM(C5:E5) -> 7918.86
C6: =+C4-C5 -> 0 | D6: =+D4-D5 -> -21770.7 | E6: =+E4-E5 -> 0.01 | F6: =+F4-F5 -> -21770.69 | J6: Registro de Deposito | K6: =-D6 -> 21770.7
J8: Registro Dif Gastos | K8: =-E6 -> -0.01
J10: Saldo Bancario | K10: =SUM(K4:K8) -> 7918.86

Sheet Descripciones
A1: COM.RECAUD | B1: Comision | C1: COMISREC - N/D COMISIONE
A2: CO.REC.CON | B2: IVA sobre Comision | C2: GRAVRECAUD- GRAV.MENES PO
A3: LEY25413CR | B3: Impuesto S/ los Creditos - Ley 25.413 | C3: IMPDBCRTG - DBCR 25413 S/
A4: RET.IN.BRU | B4: Ret. Imp. S/ los Ingresos Brutos | C4: IIBBSIRCRE- RET. ING. BRU
A5: ING.BR.TUC | B5: Imp. S/ los Ingresos Brutos | C5: RETIBTUCU - RET IIBB TUCU
A6: LEY25413DB | B6: Impuesto S/ los Debitos - Ley 25.413 | C6: DNTCOMITR - COMISION TRAN
A7: COM.TEF DN | B7: Comsiones por transferencias | C7: IVA Basico 21%
A8: IVA 21% | B8: IVA 21% | C8: COMMANCTA - COMISION MANT
A9: C.MANT.CTA | B9: Comision por Mantenimiento de Cuenta | C9: INADCCS/A - INTER.ADEL.CC
A10: INT.S/DESC | B10: Intereses S/ Descubierto | C10: IVA Basico 10,5%
A11: IVA.10.5% | B11: IVA.10.5% | C11: DBDGRJUJUY- DB DGR SELLOS
A12: IMP.SELLOS | B12: Impuesto a los sellos | C12: COMDEPOSUC- COMISION DEP
... A14: DEB.INTERN | B14: Comision … | C14: IMPDBCRTG - IMPDBCR 2541
C15: IMPDBCRTG - IMPDBCR 25413
C16: C.IT.EF.TA- COMISION INTE
A18: CRED.INT | B18: Depositos | C18: DEUDPUB-PP- N/C DEUD. PUB
A19: TRF.DATA | B19: Transferencias Realizadas | C19: TRFDATANET- TRANSF DATANE
A20: IDEP.EF | B20: Intereses a favor por deposito | C20: INTDEPEFVO- CR INTERDEPOS
A21: INTERDEPOS | B21: Intereses a favor por deposito en TAS | C21: INT.EF.TAS- INTERDEPOSITO
